Unix NetHack Version 5.0.0-0 post-release - last build Jun 10 2026 00:39:30 (3ee93aec679c4c4259841fe613dc97188e26a321,branch:main).

Game began 2026-06-24 03:19:23, ended 2026-06-25 13:46:47.

Atrocia, lawful female human Knight

                                                      ---------         -----
    ---------------                       -------    --.......------  ---..<|
    |`............|      -------          |`.D.`|    |..--.........|---...(.|
    ||----.-- ---.-      |....>|          |..DDu|    |..|---------.|....|..--
    |%.-^|.--   |..|  ---|....--  ------  |@@%..|    ----     ----.....-|.--
    |..|--..-+--|..|---%.|..------..-..|  ---+---   -----  ---|.........|--
    ||--`.......--|......-|---......|..|  ##..|    -....----.^|....|.---
    |................--........----....|    |.. ---.....[|....|..-----
    --..--|--------..|-.......-|..-.|---   --..--.`|...)......|..| ------
    --..|.....[...|--|....{...||..|.|  -----.......|....--[.....-- |%...|
    |...|*........|  |.......--|..|.|---...........)...|........|  |....|
    |...-----------  |--....---..-|.|-......--..*.-------....--------|---
    --.......| ------|....|...|...-.|...---..|...-|.. ..|-...|-...---.------
     -------.| |(...|-...---..|.....|....-|.....--|.. ..|--..|.........-|..|
        ...|.| |(...-...-|................|-..-----|---|-...............-..|
        ...|.| |(...|-...|...-........G...---.............----....{.....-----
       --|--.| ------|........|............^|--------.--+-- --..............|
       |.....--------|....|...|-...-.......--  |((..|.|     |.........-----+-
       +..{...|......--...|..--  #*.--...---   |((..-.|     -------..--
       |........----.....-----    #  -----     |(((.|--            ---
       ----------  -------                     ------
Atrocia the Sergeant     St:18 Dx:15 Co:16 In:10 Wi:16 Ch:17  Lawful
Dlvl:5  $:7900 HP:0(58) Pw:106(106) AC:-11 Xp:12 T:26660 

Latest messages:
 The gray dragon misses the saddled warhorse.
 The gray dragon hits the saddled warhorse.
 The saddled warhorse misses the gray dragon.
 The saddled warhorse bites the gray dragon.
 The priest of Manannan Mac Lir casts a spell!
 The priest of Manannan Mac Lir looks better.
 The saddled warhorse kicks!
 The saddled warhorse bites!
 Some text has been burned into the floor here.
 You read: "Elbereth".
 You see here a blessed scroll called scary!.
 The gray dragon bites the gray dragon.
 The gray dragon misses the gray dragon.
 The gray dragon hits the gray dragon.
 The gray dragon misses the gray dragon.
 The gray dragon misses the gray dragon.
 The gray dragon hits the gray dragon.
 The saddled warhorse is confused from hunger.
 The priest of Manannan Mac Lir casts a spell!
 The priest of Manannan Mac Lir looks better.
 What do you want to use or apply? [achilnotAMUX or ?*] l
 y - 4 uncursed slime molds.
 The saddled warhorse misses!
 The saddled warhorse misses!
 What do you want to throw? [$ or ?*] y
 In what direction? 9
 The slime mold misses the saddled warhorse.
 The gray dragon bites the gray dragon.
 The gray dragon hits the gray dragon.
 The gray dragon hits the gray dragon.
 The gray dragon bites the gray dragon.
 The gray dragon is killed!
 The saddled warhorse turns to flee.
 Your saddled warhorse eats an uncursed slime mold.
 The saddled warhorse just misses!
 The saddled warhorse bites!
 The gray dragon bites the gray dragon.
 The gray dragon misses the gray dragon.
 The gray dragon hits the gray dragon.
 The gray dragon bites the gray dragon.
 The gray dragon hits the gray dragon.
 The gray dragon hits the gray dragon.
 The saddled warhorse turns to flee.
 The priest of Manannan Mac Lir swings his mace.
 The priest of Manannan Mac Lir hits!
 The priest of Manannan Mac Lir kicks!
 The priest of Manannan Mac Lir swings his mace.
 The priest of Manannan Mac Lir hits!
 You die...
 Do you want your possessions identified? [ynq] (y) q

Inventory:
 Coins    ('$')
  $ - 7900 gold pieces
 Amulets  ('"')
  T - an uncursed amulet of reflection (being worn)
 Weapons  (')')
  b - the blessed rustproof +1 Excalibur (wielded in right hand)
  Y - a +1 long sword (wielded in left hand)
 Armor    ('[')
  F - a blessed +3 dwarvish iron helm (being worn)
  g - a blessed burnt +0 pair of leather gloves (being worn)
  B - an uncursed +0 pair of iron shoes (being worn)
  E - an uncursed +0 pair of water walking boots
  S - an uncursed very burnt +2 elven cloak (being worn)
  Q - an uncursed +0 dwarvish mithril-coat (being worn)
 Comestibles  ('%')
  y - 3 uncursed slime molds
  m - an uncursed clove of garlic
  O - an uncursed tin of spinach
  G - an uncursed lizard corpse
 Rings    ('=')
  N - an uncursed ring of conflict (on left hand)
  w - an uncursed +1 ring of gain strength (on right hand)
 Wands    ('/')
  A - a wand of fire (0:5)
  X - a wand of fire (0:1)
  n - a wand of sleep (0:3)
 Tools    ('(')
  l - a blessed bag of holding containing 15 items
  a - an empty uncursed sack
  U - a fire horn (0:4)
  h - an uncursed blindfold
  c - an uncursed magic lamp (lit)
  o - an uncursed magic whistle
  M - a +0 pick-axe
  t - an uncursed skeleton key
  i - a blessed +0 unicorn horn
 Gems/Stones  ('*')
  f - an uncursed luckstone

Contents of the bag of holding:
  the +1 Demonbane
  an uncursed +0 pair of gauntlets of power
  a blessed +0 mummy wrapping
  12 uncursed carrots
  2 uncursed food rations
  an uncursed sprig of wolfsbane
  8 uncursed tripe rations
  2 uncursed tins of spinach
  an uncursed snake egg
  an uncursed egg
  an uncursed lichen corpse
  3 uncursed lizard corpses
  an uncursed ring of protection from shape changers
  an uncursed tin opener
  an uncursed towel

Atrocia the Knight's attributes:

Background:
 You were a Sergeant, a level 12 female human Knight.
 You were lawful, on a mission for Lugh
 who was opposed by Brigit (neutral) and Manannan Mac Lir (chaotic).
 You were right-handed.
 You were in the Gnomish Mines, on level 5.
 You entered the dungeon 26660 turns ago.
 You had 25518 experience points, 14482 more were needed to attain level 13.

Basics:
 You had 0 out of 58 hit points.
 You had all 106 energy points (spell power).
 Your armor class was -11.
 Your wallet contained 7900 zorkmids.
 Autopickup was on for '$"?+!=/' plus thrown.

Final Characteristics:
 Your strength was 18 (base:17, limit:18/100).
 Your dexterity was 15 (limit:18).
 Your constitution was 16 (peak:17, limit:18).
 Your intelligence was 10 (limit:18).
 Your wisdom was 16 (limit:18).
 Your charisma was 17 (limit:18).

Final Status:
 You weren't hungry.
 You were unencumbered.
 You were wielding two weapons at once.
 Your skill in long sword was limited by being skilled with two weapons.

Final Attributes:
 You were piously aligned.
 You were cold resistant.
 You were sleep resistant.
 You were poison resistant.
 You were level-drain resistant.
 You saw invisible.
 You were telepathic.
 You had automatic searching.
 You were invisible to others.
 You were stealthy.
 You caused conflict.
 You could jump.
 You had a moderate defense bonus (+6).
 You were guarded.
 Your spell casting was impaired by metallic armor.
 You were fast.
 You had reflection.
 You were extremely lucky.
 You had extra luck.
 Bad luck did not time out for you.
 Good luck did not time out for you.
 You are dead.

Miscellaneous:
 You didn't encounter any bones levels.
 Total elapsed playing time was 11 hours, 12 minutes and 24 seconds.

Major events:
 Turn
    1: Atrocia the lawful female human Knight entered the dungeon
  636: entered the Gnomish Mines
 1384: attained the rank of Esquire (level 3)
 2316: reached Mine Town
 2791: attained the rank of Bachelor (level 6)
 5870: entered Sokoban
 6392: was given Excalibur by the Lady of the Lake
 8575: completed 1st Sokoban level
 8828: completed 2nd Sokoban level
 9207: completed 3rd Sokoban level
 9923: completed 4th Sokoban level
10361: acquired the Sokoban amulet of reflection
11993: attained the rank of Sergeant (level 10)
15645: acquired the Mines' End luckstone
18397: was bestowed with Trollsbane by Lugh
18997: was bestowed with Demonbane by Lugh
26660: killed by a priest of Manannan Mac Lir

Spells:
 Name                 Level Category     Fail Retention
 confuse monster        1   enchantment  100%    1%-25%
 healing                1   healing      100%    1%-25%
 detect monsters        1   divination   100%   26%-50%
 chain lightning        2   attack       100%  76%-100%
 magic missile          2   attack       100%  76%-100%
 detect food            2   divination   100%  76%-100%
 knock                  1   matter       100%  76%-100%

Skills:
 Fighting Skills
   bare handed combat [Unskilled]
   two weapon combat  [Skilled]
   riding             [Basic]
 Weapon Skills
   dagger             [Unskilled]
   knife              [Unskilled]
   axe                [Unskilled]
   pick-axe           [Unskilled]
   short sword        [Unskilled]
   broadsword         [Unskilled]
   long sword         [Expert]
   two-handed sword   [Unskilled]
   saber              [Unskilled]
   club               [Unskilled]
   mace               [Skilled]
   morning star       [Unskilled]
   flail              [Unskilled]
   hammer             [Unskilled]
   polearms           [Unskilled]
   spear              [Unskilled]
   trident            [Unskilled]
   lance              [Basic]
   bow                [Unskilled]
   crossbow           [Unskilled]
 Spellcasting Skills
   attack spells      [Unskilled]
   healing spells     [Unskilled]
   clerical spells    [Unskilled]

Voluntary challenges:
 Character rerolling was not enabled.
 You never genocided any monsters.
 You never polymorphed an object.
 You never changed form.
 You used no wishes.
 You violated the special Sokoban rules once.
Achievements:
 You entered a shop.
 You entered the Gnomish Mines.
 You attained the rank of Esquire.
 You entered Minetown.
 You entered a temple.
 You attained the rank of Bachelor.
 You entered Sokoban.
 You completed Sokoban.
 You attained the rank of Sergeant.
 You completed the Gnomish Mines.

 The Dungeons of Doom: levels 1 to 20
    Level 1:
    Level 2:
       A food shop.
       Stairs down to The Gnomish Mines.
    Level 3:
       A fountain.
    Level 4:
       An armor shop, a fountain.
    Level 5:
       Many fountains.
       Oracle of Delphi.
    Level 6:
       Stairs up to Sokoban, level 5.
    Level 7:
       An altar to Lugh, a fountain.
    Level 8:
       A fountain.
    Level 9:
       A fountain, many trees.
    Level 10:
       A general store, a fountain.
    Level 11:
    Level 12:
       A general store, a fountain.
       Summoned by King Arthur.
    Level 13:
    Level 14:
       A fountain, a sink.
    Level 15:
       A general store, an altar.
    Level 16:
       A primitive area.
    Level 17:
       Many graves.
    Level 18:
       A throne, a fountain, a grave.
    Level 19:
       An altar.
    Level 20:
 The Gnomish Mines: levels 3 to 11
    Level 3:
    Level 4:
    Level 5: <- You were here.
       Many shops, a temple and an altar, many fountains.
       Final resting place for
          you, killed by a priest of Manannan Mac Lir.
    Level 6:
    Level 7:
    Level 8:
    Level 9:
    Level 10:
    Level 11:
       Some fountains.
 Sokoban: levels 5 up to 2
    Level 2:
       Solved.
    Level 3:
       Solved.
    Level 4:
       Solved.
    Level 5:
       Solved.


Vanquished creatures:
  3 gray dragons
  a vampire leader
  a clay golem
  2 black puddings
  4 vampires
  a lieutenant
  6 ghosts
  5 giant mimics
  a zruty
 an umber hulk
  3 large mimics
  a wumpus
  4 stalkers
 an air elemental
  3 earth elementals
  2 water elementals
  a hill giant
  6 giant zombies
  a sergeant
  2 wargs
 11 small mimics
  2 glass piercers
  4 warhorses
  4 xans
  3 ettin mummies
  2 ogre leaders
  4 quantum mechanics
  2 trolls
  3 wood golems
  3 gelatinous cubes
  a pyrolisk
  a freezing sphere
  3 flaming spheres
  a shocking sphere
  a large cat
  2 gargoyles
  a dwarf ruler
  a tengu
  2 ochre jellies
  a leocrotta
  2 energy vortices
  a mountain centaur
  a stone giant
 an elf mummy
  2 human mummies
  a red naga
  a pit viper
  a cobra
  8 wraiths
  6 ettin zombies
  2 leather golems
  3 Grey-elves
  2 soldiers
  4 watchmen
  2 chameleons
  a crocodile
  4 giant beetles
  3 quivering blobs
  6 cockatrices
  5 wolves
  7 winter wolf cubs
  a panther
  2 gremlins
 20 leprechauns
  2 orc-captains
  4 iron piercers
  5 giant spiders
  a scorpion
  a horse
 an ice vortex
  3 black lights
  4 vampire bats
  5 forest centaurs
  2 gnome rulers
  4 orc mummies
  4 dwarf mummies
  7 ogres
  4 rust monsters
 an owlbear
  3 yetis
  a werewolf
 12 lizards
  2 chickatrices
  2 dogs
  2 housecats
  4 jaguars
  a dwarf leader
  2 blue jellies
  2 white unicorns
  a raven
  4 plains centaurs
  3 gnome mummies
  2 snakes
  4 apes
 10 human zombies
  2 rope golems
  8 Woodland-elves
  4 soldier ants
  4 fire ants
  6 bugbears
  2 imps
  7 wood nymphs
  3 mountain nymphs
  6 Mordor orcs
  2 Uruk-hai
  2 orc shamans
  5 rock piercers
  5 rock moles
  4 ponies
 10 yellow lights
  2 shriekers
  6 violet fungi
 21 gnome leaders
  6 gnomish wizards
  4 kobold mummies
  2 gray oozes
  a barrow wight
  6 elf zombies
  4 ghouls
  2 paper golems
 11 giant ants
  a little dog
  8 floating eyes
 16 dwarves
  2 homunculi
  4 kobold leaders
  2 kobold shamans
 31 hill orcs
 15 rothes
  2 rabid rats
  3 centipedes
  5 giant bats
  3 monkeys
  2 orc zombies
 10 dwarf zombies
  a wererat
  3 werejackals
 15 iguanas
  5 killer bees
  7 acid blobs
  3 coyotes
  a gas spore
  3 hobbits
  8 manes
  2 large kobolds
 12 hobgoblins
 12 giant rats
  a brown mold
  9 yellow molds
  a green mold
  a red mold
 61 gnomes
  4 gnome zombies
 13 geckos
 12 jackals
  a fox
  3 kobolds
  3 goblins
  a sewer rat
 22 grid bugs
  7 bats
 13 lichens
  5 kobold zombies
 13 newts
771 creatures vanquished.

No species were genocided or became extinct.

Game over:
                       ----------
                      /          \
                     /    REST    \
                    /      IN      \
                   /     PEACE      \
                  /                  \
                  |     Atrocia      |
                  |     7900 Au      |
                  |   killed by a    |
                  |    priest of     |
                  | Manannan Mac Lir |
                  |                  |
                  |       2026       |
                 *|     *  *  *      | *
        _________)/\\_//(\/(/\)/\//\/|_)_______

Fare thee well Atrocia the Knight...

You died in The Gnomish Mines on dungeon level 5 with 100682 points,
and 7900 pieces of gold, after 26660 moves.
You were level 12 with a maximum of 58 hit points when you died.

